 Dungeon Crawl Stone Soup version 0.17-a0-2217-ga280b8d (webtiles) character file.

801702 Maka the Slayer (level 27, -2/313 (318) HPs)
             Began as a Demonspawn Fighter on Oct 27, 2015.
             Was the Champion of Okawaru.
             Succumbed to poison (dark miasma)
             ... while paralysed
             ... in Pandemonium on Oct 28, 2015.
             The game lasted 04:03:45 (72736 turns).

Maka the Slayer (Demonspawn Fighter)               Turns: 72736, Time: 04:03:45

HP:   -2/313 (318)  AC: 65    Str: 21    XL:     27
MP:   18/23         EV:  2    Int: 12    God:    Okawaru [******]
Gold: 5347          SH:  0    Dex: 29    Spells: 0 memorised, 26 levels left

rFire  + + .     SeeInvis .     a - +8 double sword (vamp)
rCold  + + .     Clarity  .     D - +12 gold dragon armour
rNeg   + . .     SustAt   .     n - +0 shield {reflect}
rPois  +         Gourm    .     (helmet unavailable)
rElec  .         Spirit   .     Q - +0 cloak of Xanout {MR+ Slay+3}
rCorr  +         Warding  .     w - +0 pair of gloves of Huut {Regen+ rCorr Dex+3 Slay+6}
rMut   +         Stasis   .     m - +2 pair of boots {rF+}
MR     +++..                    x - amulet "Mopomooc" {rMut +Fly MP-9 Int+2}
Stlth  ..........               z - +5 ring of slaying
                                K - ring of positive energy

@: paralysed, agile, lethally poisoned (-2 -> -72), exhausted, heroism,
non-regenerating, badly diseased, slowed, extremely resistant to hostile
enchantments, extremely unstealthy
A: horns 3, iridescent scales 3, cold resistance 1, demonic guardian 3, icemail,
robust 3, spit poison 1, freezing cloud immunity
a: Spit Poison, Heroism, Finesse, Renounce Religion, Evoke Flight
}: 4/15 runes: barnacled, silver, demonic, gossamer


You were in Pandemonium.
You worshipped Okawaru.
Okawaru was exalted by your worship.
You were not hungry.

You visited 12 branches of the dungeon, and saw 58 of its levels.
You visited Pandemonium 1 time, and saw 6 of its levels.
You visited the Abyss 4 times.
You also visited: Ice Cave, Volcano and Wizlab.

You collected 11605 gold pieces.
You spent 6258 gold pieces at shops.

Inventory:

Hand Weapons
 a - a +8 vampiric double sword (weapon)
 O - the +5 double sword "Kurruny" {freeze, rElec Stlth+}
   (Okawaru gifted it to you on level 5 of the Depths)

   It has been specially enchanted to freeze those struck by it, causing extra
   injury to most foes and up to half again as much damage against particularly
   susceptible opponents.
   It can also slow down cold-blooded creatures.
   It insulates you from electricity.
   It makes you more stealthy.
Armour
 j - the +0 pair of gloves "Meejito" {rF++ rC+++ Str-5}
   (Okawaru gifted it to you in Pandemonium)

   It affects your strength (-5).
   It greatly protects you from fire.
   It renders you almost immune to cold.
 m - a +2 pair of boots of fire resistance (worn)
 n - a +0 shield of reflection (worn)
 w - the +0 pair of gloves of Huut (worn) {Regen+ rCorr Dex+3 Slay+6}
   (Okawaru gifted it to you in an ice cave)

   It affects your dexterity (+3).
   It affects your accuracy and damage with ranged weapons and melee attacks
   (+6).
   It increases your rate of regeneration.
   It protects you from acid and corrosion.
 B - the +2 cloak of the Hot Ocelot {+Fly rC+ Str+2}
   (You acquired it on level 5 of the Vaults)

   It affects your strength (+2).
   It protects you from cold.
   It lets you fly.
 D - a +12 gold dragon armour (worn)
 Q - the +0 cloak of Xanout (worn) {MR+ Slay+3}
   (You acquired it on level 1 of the Vaults)

   It affects your accuracy and damage with ranged weapons and melee attacks
   (+3).
   It affects your resistance to hostile enchantments.
Jewellery
 u - a +5 ring of protection
 x - the amulet "Mopomooc" (around neck) {rMut +Fly MP-9 Int+2}
   (You found it on level 4 of the Dungeon)

   [amulet of resist mutation]

   It protects you from mutation.
   It affects your intelligence (+2).
   It affects your magic capacity (-9).
   It lets you fly.
 z - a +5 ring of slaying (right hand)
 H - an uncursed ring of protection from cold
 I - an uncursed amulet of regeneration
 K - a ring of positive energy (left hand)
 M - an uncursed ring of protection from fire
 V - an uncursed ring of see invisible
Wands
 c - a wand of digging (15)
 o - a wand of invisibility (2)
 t - a wand of paralysis (6)
 y - a wand of digging (12)
 G - a wand of digging (9)
 R - a wand of digging (18)
 X - a wand of teleportation (5)
 Y - a wand of heal wounds (5)
 Z - a wand of heal wounds (7)
Scrolls
 b - 31 scrolls of remove curse
 d - 9 scrolls of blinking
 g - 33 scrolls of identify
 i - 19 scrolls of teleportation
 q - 2 scrolls of enchant armour
 F - 12 scrolls of fog
 J - 7 scrolls of recharging
 P - 3 scrolls of magic mapping
 U - 11 scrolls of fear
 W - 3 scrolls of brand weapon
Potions
 f - 10 potions of flight
 h - 9 potions of cancellation
 l - 9 potions of heal wounds
 p - 5 potions of invisibility
 r - 12 potions of haste
 s - 18 potions of curing
 v - 8 potions of agility
 A - 8 potions of berserk rage
 C - a potion of cure mutation
 E - 7 potions of might
 N - 7 potions of resistance
Comestibles
 e - 38 bread rations
 k - 12 meat rations


   Skills:
 - Level 26.0(27) Fighting
 - Level 22.0(27) Long Blades
 - Level 26.0(27) Armour
 + Level 23.0(27) Dodging
 - Level 15.0(20.0) Shields
 - Level 12.0 Invocations


You had 26 spell levels left.
You didn't know any spells.

Dungeon Overview and Level Annotations

Branches:
Dungeon (15/15)            Temple (1/1) D:4            Lair (8/8) D:11
 Shoals (4/4) Lair:3       Spider (4/4) Lair:3        Slime (0/6) Lair:8
    Orc (4/4) D:12            Elf (3/3) Orc:4        Vaults (5/5) D:14
  Crypt (3/3) Vaults:2       Tomb (0/3) Crypt:3      Depths (5/5) D:15
   Hell (1/1)                 Dis (0/7) Hell            Geh (0/7) Hell
    Coc (0/7) Hell            Tar (0/7) Hell            Zot (5/5) Depths:5

Altars:
Ashenzari
Cheibriados
Dithmenos
Elyvilon
Fedhas
Gozag
Kikubaaqudgha
Makhleb
Nemelex Xobeh
Okawaru
Qazlal
Ru
Sif Muna
Trog
Vehumet
Xom
Yredelemnul
Zin
The Shining One
Beogh

Shops:
D:6 [   D:10 [!=}   Orc:4 [%[%   Vaults:2 ?   Vaults:3 :   Vaults:5 [
Depths:1 *   Depths:2 *

Portals:
Hell: Depths:1 Depths:2 Depths:3 Depths:4 Depths:5
Abyss: Depths:4
Pandemonium: Depths:2 Depths:3 Depths:5
Ziggurat: Depths:1

Annotations:
D:12 exclusion: ice statue
Elf:2 3 runed doors
Zot:5 exclusion: orange crystal statue


Innate Abilities, Weirdness & Mutations

You have a pair of large horns on your head.
You are completely covered in iridescent scales (AC +8).
Your flesh is cold resistant.
A powerful demonic guardian rushes to your aid.
A meltable icy envelope protects you from harm (AC +10).
You are extremely robust (+30% HP).
You are immune to freezing clouds.
You can spit weak poison.


Message History

The spectral golden dragon completely misses you. x2
The spectral golden dragon misses you.
Unknown command.
You slice the Executioner!!
The Executioner is moderately wounded.
* * * LOW HITPOINT WARNING * * *
You feel very sick. You block the Executioner's attack.
The Executioner misses you. You block the Executioner's attack.
The Executioner barely misses you.
The Executioner completely misses you. x2
The Executioner hits you but does no damage.
The Executioner completely misses you. x2
The Executioner hits you but does no damage. x2
The Executioner completely misses you. You block the anaconda zombie's attack.
The anaconda zombie completely misses you.
The soul eater barely misses you.
You are no longer berserk.
You pass out from exhaustion.
You feel as though you will be slow longer.
You die...

#..##,*,*,*,*,*,*,*,*
##..#,*,*,#.*,*,*,*,*,
#...#*,*,#.#.*,*,*,*,*
#..##,*,#.#.#.*,*,*,*,
##..#,*,#.#.#.#,*,*,*,*
#...##,#.#.#.#,*,*,*,*,
#..##.#.#.#.#,*,*,*,*,*
#..###.#§#.#.#)*,*,*,*,
#..'..@§3z.....,,,,,,**
#..'..Z.Z333...,,,,,,*,
#..'..M11z.....,,,,,,**
#..###.#z#Z#.#.*,*,*,*,
#..##.#.#Z#.#.*,*,*,*,*
#...##,#.#.#.#,*,*,*,*,
##..#,*,#.#.#.#,*,*,*,*
#..##,*,#.#.#.*,*,*,*,
#...#*,*,#.#.*,*,*,*,*


You could see 2 Executioners, 4 soul eaters, a curse skull, a spectral golden
dragon, a mummy, 2 wights, a manticore simulacrum, an anaconda zombie and an ice
dragon skeleton.

Vanquished Creatures
  Gloorx Vloq (Pan)
  Tiamat (Zot:3)
  9 ancient liches
  5 orbs of fire
  Mennas (Pan)
  A juggernaut (Depths:2)
  Sojobo (Vaults:5)
  Boris (Crypt:3)
  Frederick (Vaults:5)
  Saint Roka (Orc:3)
  4 caustic shrikes
  3 Killer Klowns (Zot:5)
  12 golden dragons
  Jory (Depths:5)
  the Enchantress (Depths:4)
  10 bone dragons (Abyss:1)
  2 Brimstone Fiends (Pan)
  A Hellbinder (WizLab)
  5 electric golems
  8 liches
  Jorgrun (Depths:2)
  15 tentacled monstrosities
  2 Hell Sentinels (Pan)
  Rupert (Lair:7)
  An Ice Fiend (Pan)
  A quicksilver dragon (Depths:5)
  24 Orb Guardians (Zot:5)
  3 pandemonium lords (Pan)
  A deep elf master archer (Elf:3)
  3 deep elf blademasters (Elf:3)
  4 titans
  2 eldritch tentacles
  7 sphinxes
  26 Executioners
  6 shadow dragons
  11 tentacled starspawn (Abyss:1)
  3 octopode crushers
  8 death cobs
  Kirke (Lair:7)
  10 storm dragons
  7 tengu reavers
  4 draconian monks
  2 revenants (Abyss:1)
  11 deep elf sorcerers
  Donald (Orc:4)
  10 fire giants
  3 orc warlords
  11 ghost moths
  3 draconian scorchers
  9 frost giants
  8 draconian knights
  Aizul (Shoals:4)
  8 balrugs
  A ghost moth (shapeshifter) (Depths:4)
  20 vault wardens
  5 curse skulls
  3 warmongers (Pan)
  3 draconian zealots
  4 draconian shifters
  6 cacodemons
  7 emperor scorpions (Spider:4)
  3 war gargoyles (Crypt:3)
  5 ghouls
  6 draconian annihilators
  19 ironheart preservers
  9 reapers
  3 spriggan defenders (Depths:4)
  5 blood saints (Pan)
  A chaos champion (Pan)
  20 very ugly things
  3 salamander firebrands (Hell)
  3 vampire knights
  2 grey draconians (Depths:5)
  A draconian caller (Zot:2)
  7 deep elf demonologists
  28 stone giants
  2 corrupters (Pan)
  5 yellow draconians
  The ghost of Burgietje the Warrior, a journeyman MiFi of Okawaru (D:11)
  6 green draconians
  6 black draconians
  Azrael (D:12)
  A dire elephant (Depths:4)
  2 salamander stormcallers
  8 purple draconians
  7 deep elf annihilators (Elf:3)
  11 white draconians
  13 mottled draconians
  15 ettins
  13 red draconians
  9 eidola
  4 merfolk javelineers
  9 green deaths
  15 lorocyprocas
  Snorg (D:10)
  30 vault guards
  8 merfolk impalers
  12 blizzard demons
  8 deep elf death magi
  The ghost of Vex the Grappler, a journeyman TrMo of Okawaru (D:11)
  2 black suns (Pan)
  11 fire dragons
  4 hell beasts
  16 yaktaur captains
  11 rakshasas
  7 deep elf high priests
  6 jiangshi
  6 entropy weavers
  Harold (Orc:1)
  17 ice dragons
  6 hydras
  The ghost of P0WERM0DE the Nimble, a journeyman DsCK of Xom (IceCv)
  5 monstrous demonspawn (Pan)
  13 centaur warriors
  A quicksilver dragon skeleton (Crypt:3)
  3 merfolk aquamancers
  17 ogre magi
  2 catoblepae
  6 spriggan air magi
  A satyr (Shoals:4)
  9 great orbs of eyes
  Erolcha (Orc:2)
  3 merfolk avatars
  An anaconda (Depths:4)
  4 dancing weapons
  7 tengu warriors
  7 deep troll earth magi
  The ghost of mrAntonBest the Protected, a novice DsGl of Ru (Lair:2)
  2 death yaks (Lair:8)
  2 vampire magi
  9 deep troll shamans
  A shock serpent (shapeshifter) (Depths:1)
  10 spriggan berserkers
  An orc high priest (Elf:2)
  A titan zombie (Abyss:1)
  Urug (Lair:2)
  14 thrashing horrors (Abyss:1)
  The ghost of Burgietje the Fighter, a novice MiFi of Okawaru (D:7)
  18 soul eaters
  Sonja (Orc:4)
  3 hell hogs
  A titan skeleton (Hell)
  20 wretched stars (Abyss:1)
  15 sun demons
  16 deep elf knights
  13 shadow wraiths
  A skeletal warrior (Crypt:3)
  8 hell knights (Crypt:3)
  15 ice devils
  A ghost moth zombie (Hell)
  A golden dragon zombie (Hell)
  4 fire crabs
  4 gelid demonspawn (Pan)
  5 spatial maelstroms (Abyss:1)
  7 giant orange brains
  7 sea snakes
  7 spriggan druids (Depths:4)
  An anaconda zombie (Hell)
  3 swamp dragons (Depths:5)
  A swamp dragon (shapeshifter) (Vaults:5)
  6 harpies
  11 flayed ghosts
  6 unseen horrors
  3 ice statues
  14 orc knights
  An infernal demonspawn (Pan)
  4 wizards
  20 phantasmal warriors
  9 deep elf summoners
  3 torturous demonspawn (Pan)
  A death drake (Abyss:1)
  2 putrid demonspawn
  Pikel (D:5)
  A hill giant (shapeshifter) (Abyss:1)
  A kraken simulacrum (Shoals:4)
  15 ironbrand convokers
  23 deep trolls
  3 shadow demons (Pan)
  20 wolf spiders
  3 anaconda skeletons
  3 orc sorcerers
  3 hornets
  2 wolf spider zombies
  An iron dragon zombie (Hell)
  2 oklob plants (Lair:8)
  10 griffons
  A faun (Shoals:3)
  5 necromancers
  7 hill giants
  8 water nymphs
  13 deep elf conjurers
  8 sirens
  7 manticores
  2 fire giant zombies (Abyss:1)
  2 frost giant zombies (Hell)
  A salamander (shapeshifter) (Vaults:3)
  8 cyclopes
  2 iron dragon skeletons
  11 orb spiders
  4 rust devils
  18 moths of wrath
  49 ugly things
  2 moths of wrath (shapeshifter)
  A shadow dragon skeleton (Pan)
  44 smoke demons
  A hornet (shapeshifter) (Vaults:5)
  7 elephants
  3 fire giant skeletons
  2 centaur zombies
  2 stone giant skeletons
  16 sixfirhies
  2 eyes of devastation (Abyss:1)
  8 worldbinders (Abyss:1)
  2 guardian serpents
  A human skeleton (Vaults:1)
  15 vault sentinels
  3 black mambas
  Joseph (D:10)
  A frost giant skeleton (Abyss:1)
  A guardian serpent (shapeshifter) (Vaults:5)
  A molten gargoyle (Hell)
  13 orange demons
  Psyche (D:10)
  7 gargoyles
  8 apocalypse crabs (Abyss:1)
  4 hellions
  A yaktaur (shapeshifter) (Vaults:5)
  A yellow draconian zombie (Crypt:1)
  A human zombie (Vaults:1)
  A shock serpent skeleton (Abyss:1)
  11 spiny frogs
  21 demonic crawlers
  9 komodo dragons
  52 yaktaurs
  22 jumping spiders
  5 kobold demonologists
  6 efreet
  21 hellwings
  A pale draconian skeleton (Crypt:1)
  2 jumping spiders (shapeshifter)
  14 freezing wraiths
  4 tengu conjurers
  A guardian mummy (Crypt:3)
  5 tormentors (Pan)
  14 red devils
  2 polar bears (Lair:8)
  A harpy zombie (Hell)
  9 ancient zymes (Abyss:1)
  2 fire drakes (Lair:8)
  14 deep elf priests
  A blink frog (shapeshifter) (Depths:1)
  A giant leech (shapeshifter) (Vaults:5)
  4 wind drakes (Shoals:4)
  A queen bee (Spider:3)
  10 trolls
  A merfolk (shapeshifter) (Vaults:2)
  6 snapping turtles
  35 merfolk
  Grinder (D:4)
  A wind drake (shapeshifter) (Depths:3)
  32 blink frogs
  A two-headed ogre (shapeshifter) (Depths:1)
  A harpy skeleton (Pan)
  6 blue devils
  A stone giant simulacrum (Vaults:3)
  8 boulder beetles
  27 raiju (Abyss:1)
  An ushabti (Crypt:3)
  4 alligator zombies (Hell)
  18 two-headed ogres
  32 slime creatures
  7 wraiths
  78 large abominations
  A trapdoor spider (shapeshifter) (Vaults:5)
  7 wyverns
  25 trapdoor spiders
  A human simulacrum (Vaults:1)
  10 water elementals
  17 deep elf magi
  2 ice dragon skeletons
  2 vampires
  3 flying skulls
  41 spriggans
  26 deep elf fighters
  9 fire elementals
  63 yaks
  5 hogs (Lair:7)
  54 redbacks
  29 ynoxinuls
  6 fire bats
  A golden eye (Abyss:1)
  A golden eye (shapeshifter) (Vaults:3)
  A hippogriff (shapeshifter) (Vaults:2)
  5 hungry ghosts
  A hog (shapeshifter) (Vaults:2)
  A dire elephant simulacrum (Hell)
  18 vampire mosquitoes
  13 hippogriffs
  11 shadows
  18 tarantellas
  8 basilisks
  20 chaos spawn
  11 wargs
  23 neqoxecs
  Menkaure (D:6)
  A merfolk zombie (Abyss:1)
  A wolf (shapeshifter) (Vaults:5)
  A faun zombie (Crypt:2)
  A mottled dragon (shapeshifter) (Depths:3)
  A soldier ant (shapeshifter) (Vaults:3)
  6 spatial vortices (Abyss:1)
  5 insubstantial wisps (Abyss:1)
  5 hell hounds
  20 water moccasins
  12 porcupines
  5 mottled dragons
  Duvessa (D:4)
  59 orc warriors
  An infernal demonspawn skeleton (Crypt:1)
  An alligator simulacrum (Hell)
  11 spiders
  18 ice beasts
  An ice dragon simulacrum (Abyss:1)
  3 black bears
  7 sky beasts
  40 ogres
  2 spiny frog skeletons
  2 boggarts (shapeshifter) (Vaults:5)
  4 phantoms
  2 hydra simulacra
  3 big kobolds
  4 eyes of draining
  An ice beast (shapeshifter) (Vaults:3)
  2 eyes of draining (shapeshifter)
  A lindwurm skeleton (Crypt:2)
  15 wasps
  An elephant skeleton (Crypt:1)
  A snapping turtle skeleton (Crypt:3)
  17 crocodiles
  22 centaurs
  13 boggarts
  A manticore skeleton (Pan)
  A necrophage (D:9)
  Blork the orc (D:6)
  5 brain worms
  Dowan (D:4)
  14 giant frogs
  A wyvern zombie (D:8)
  2 earth elementals (Abyss:1)
  An elf skeleton (Hell)
  A raiju zombie (Crypt:2)
  3 scorpions
  31 wights
  A vampire bat (Orc:2)
  36 killer bees
  An electric eel (Lair:4)
  12 crimson imps
  5 giant frog zombies
  128 starcursed masses (Abyss:1)
  2 jellies
  11 quasits
  3 iron imps (Abyss:1)
  4 giant frog skeletons
  7 hounds
  4 centaur skeletons
  A wyvern simulacrum (D:15)
  29 orc priests
  7 iguanas
  21 orc wizards
  5 hell rats (Hell)
  16 worker ants
  17 sheep
  54 small abominations
  9 mummies (Crypt:3)
  8 gnolls
  An ogre simulacrum (Hell)
  17 adders
  109 river rats
  12 shadow imps
  13 white imps
  13 ufetubi
  An ooze (D:2)
  2 adder zombies (D:6)
  An adder skeleton (D:6)
  3 worms
  7 giant geckos
  225 orcs
  5 ball pythons
  13 bats
  6 bat skeletons (Depths:4)
  9 giant cockroaches
  9 goblins
  5 hobgoblins
  5 jackals
  9 quokkas
  A giant cockroach zombie (Crypt:1)
  A giant gecko skeleton (D:4)
  A giant newt (D:4)
  A giant newt skeleton (Crypt:1)
  2 gnoll zombies (Crypt:2)
  2 goblin zombies
  30 kobolds
  2 kobold skeletons
  An orc skeleton (Hell)
  11 rats
  3 crawling corpses
  2 fire vortices (Vaults:5)
  4 fungi
  5 plants
  7 starspawn tentacles (Abyss:1)
  A tentacle (Shoals:4)
3655 creatures vanquished.

Vanquished Creatures (collateral kills)
  An ancient lich (Crypt:3)
  A caustic shrike (Depths:4)
  A golden dragon (Vaults:5)
  Geryon (Hell)
  2 bone dragons (Abyss:1)
  A tentacled monstrosity (Abyss:1)
  An Orb Guardian (Zot:5)
  A Shadow Fiend (Pan)
  Murray (Hell)
  A tentacled starspawn (Abyss:1)
  A sphinx (Vaults:5)
  A tengu reaver (Vaults:5)
  2 storm dragons
  A draconian monk (Zot:4)
  A deep elf sorcerer (Vaults:1)
  A draconian zealot (Zot:2)
  An ironheart preserver (Vaults:5)
  2 spriggan defenders (Depths:4)
  A very ugly thing (Depths:5)
  A draconian caller (Zot:2)
  A green draconian (Zot:4)
  A purple draconian (Zot:2)
  A yellow draconian (Zot:2)
  A deep elf annihilator (Elf:3)
  A vault guard (Vaults:4)
  2 fire dragons
  A deep elf death mage (Vaults:5)
  A yaktaur captain (Vaults:5)
  A centaur warrior (D:14)
  A storm dragon zombie (Abyss:1)
  A spriggan (Depths:4)
  A wretched star (Abyss:1)
  An ice devil (Hell)
  An ironbrand convoker (Vaults:4)
  A wolf spider (Spider:4)
  2 moths of wrath (Zot:5)
  2 ugly things
  A smoke demon (Pan)
  A centaur skeleton (D:14)
  A blink frog (Abyss:1)
  A blue devil (Hell)
  2 merfolk
  A red devil (Hell)
  A centaur simulacrum (D:14)
  An ettin skeleton (Crypt:3)
  2 redbacks (Spider:3)
  A deep elf fighter (Vaults:1)
  A tarantella (Spider:4)
  A water elemental (Shoals:3)
  A yak (D:11)
  A basilisk (D:10)
  A chaos spawn (Pan)
  A porcupine (Lair:5)
  A wasp (Depths:4)
  A water moccasin (D:10)
  An ogre (Vaults:5)
  A wight (Abyss:1)
  A small abomination (Abyss:1)
  A hell rat (Hell)
  2 mummies (Crypt:3)
  4 river rats
  An orc (Orc:4)
  A crawling corpse (Elf:3)
75 creatures vanquished.

Vanquished Creatures (others)
  Nikola (Spider:1)
  A deep elf master archer (Elf:3)
  A fire giant (Depths:3)
  A draconian knight (Zot:3)
  A stone giant (Depths:2)
  2 merfolk javelineers (Shoals:4)
  A yaktaur captain (Vaults:5)
  3 centaur warriors
  A wizard (Depths:1)
  An orb spider (Spider:1)
  A hellwing (Pan)
  2 yaktaurs (Depths:5)
  A red devil (Pan)
  A jumping spider (Spider:1)
  A tarantella (Spider:4)
  A human (Lair:7)
  A ynoxinul (Pan)
  A fire bat (Abyss:1)
  A neqoxec (Pan)
  A golden eye (Abyss:1)
  A slave (D:6)
  A large abomination (Abyss:1)
  2 spiders (Spider:1)
  2 ogres
  2 small abominations (Abyss:1)
  A centaur (Vaults:1)
  A crimson imp (Abyss:1)
  An iron imp (Depths:5)
  2 orc wizards
  An ufetubus (Abyss:1)
  A giant gecko (D:6)
  2 jackals (D:6)
  2 bushes (Depths:4)
  132 eldritch tentacle segments
  2 fire vortices (Abyss:1)
  11 fungi
  9 lost souls
  8 plants
  13 starspawn tentacles (Abyss:1)
  193 starspawn tentacle segments (Abyss:1)
  2 tentacles (Shoals:4)
  29 tentacle segments (Shoals:4)
442 creatures vanquished.

Grand Total: 4172 creatures vanquished

Notes
Turn   | Place    | Note
--------------------------------------------------------------
     0 | D:1      | Maka the Demonspawn Fighter began the quest for the Orb.
     0 | D:1      | Reached XP level 1. HP: 18/18 MP: 1/1
   211 | D:1      | You fall through a shaft!
   229 | D:1      | Gained mutation: Your flesh is cold resistant. [demonic ancestry]
   229 | D:1      | Reached XP level 2. HP: 6/24 MP: 2/2
   689 | D:1      | Reached XP level 3. HP: 21/29 MP: 3/3
  1350 | D:2      | Found a blossoming altar of Fedhas.
  1442 | D:2      | Gained mutation: You are partially covered in iridescent scales (AC +4). [demonic ancestry]
  1442 | D:2      | Reached XP level 4. HP: 33/35 MP: 4/4
  1491 | D:2      | Reached skill level 4 in Long Blades
  1945 | D:3      | Gained mutation: You have a pair of small horns on your head. [demonic ancestry]
  1945 | D:3      | Reached XP level 5. HP: 33/41 MP: 5/5
  2596 | D:4      | Got an ancient steel amulet
  2597 | D:4      | Identified the amulet "Mopomooc" {rMut +Fly MP-9 Int+2} (You found it on level 4 of the Dungeon)
  2686 | D:4      | Reached skill level 5 in Long Blades
  2728 | D:4      | Noticed Dowan
  2729 | D:4      | Noticed Duvessa
  2799 | D:4      | Killed Duvessa
  2799 | D:4      | Gained mutation: You have a pair of horns on your head. [demonic ancestry]
  2799 | D:4      | Reached XP level 6. HP: 34/47 MP: 0/6
  2935 | D:4      | Killed Dowan
  2935 | D:4      | Reached skill level 6 in Long Blades
  3105 | D:4      | Noticed Grinder
  3113 | D:4      | Paralysed by Grinder for 4 turns
  3121 | D:4      | Killed Grinder
  3121 | D:4      | Gained mutation: You are immune to freezing clouds. [demonic ancestry]
  3121 | D:4      | Reached XP level 7. HP: 35/52 MP: 0/7
  3259 | D:4      | Reached skill level 7 in Long Blades
  3306 | D:4      | Found a glowing golden altar of the Shining One.
  3306 | D:4      | Found a sparkling altar of Nemelex Xobeh.
  3322 | D:4      | Found a staircase to the Ecumenical Temple.
  3331 | D:4      | Noticed a phantom
  3333 | Temple   | Entered the Ecumenical Temple
  3384 | Temple   | Became a worshipper of Warmaster Okawaru
  3411 | D:4      | Killed a phantom
  3686 | D:5      | Entered Level 5 of the Dungeon
  4001 | D:5      | Reached * piety under Okawaru
  4001 | D:5      | Gained mutation: You have a pair of large horns on your head. [demonic ancestry]
  4001 | D:5      | Reached XP level 8. HP: 58/58 MP: 0/8
  4082 | D:5      | Reached skill level 8 in Long Blades
  4384 | D:5      | Found an opulent altar of Gozag.
  4751 | D:6      | Noticed Pikel
  4751 | D:6      | Noticed Blork the orc
  4792 | D:5      | Killed Pikel
  4792 | D:5      | Reached skill level 10 in Long Blades
  4857 | D:6      | Killed Blork the orc
  4867 | D:6      | Noticed Menkaure
  4876 | D:6      | Killed Menkaure
  4876 | D:6      | Reached XP level 9. HP: 48/63 MP: 0/9
  4917 | D:6      | Reached skill level 5 in Armour
  4964 | D:6      | Found a snail-covered altar of Cheibriados.
  5043 | D:6      | Found a shadowy altar of Dithmenos.
  5044 | D:6      | Found Erogoc's Antique Armour Emporium.
  5902 | D:7      | Reached ** piety under Okawaru
  6377 | D:7      | Noticed Burgietje's ghost (novice MiFi)
  6667 | D:7      | Reached skill level 11 in Long Blades
  6667 | D:7      | Gained mutation: A weak demonic guardian rushes to your aid. [demonic ancestry]
  6667 | D:7      | Reached XP level 10. HP: 68/77 MP: 1/10
  6861 | D:7      | Killed Burgietje's ghost
  7362 | D:8      | Noticed a brown ugly thing
  7377 | D:8      | Killed a brown ugly thing
  7377 | D:8      | Reached *** piety under Okawaru
  7464 | D:8      | Found a glowing silver altar of Zin.
  7493 | D:8      | Reached skill level 10 in Armour
  7952 | D:8      | Reached skill level 1 in Invocations
  8473 | D:9      | Reached XP level 11. HP: 84/84 MP: 3/12
  8959 | D:9      | Reached skill level 12 in Long Blades
  8995 | D:9      | Found a stormy altar of Qazlal.
  9115 | D:10     | Entered Level 10 of the Dungeon
  9134 | D:10     | Reached **** piety under Okawaru
  9154 | D:10     | Found Nesk's Gadget Boutique.
  9187 | D:10     | Found Inidoi's Distillery.
  9254 | D:10     | Noticed a hill giant
  9265 | D:10     | Killed a hill giant
  9321 | D:10     | Noticed Joseph
  9338 | D:10     | Killed Joseph
  9424 | D:10     | Found Hotishay's Jewellery Shoppe.
  9432 | D:10     | Bought a cursed amulet of inaccuracy for 26 gold pieces
  9435 | D:10     | Bought an uncursed amulet of regeneration for 390 gold pieces
  9750 | D:10     | Noticed Psyche
  9763 | D:10     | Paralysed by Psyche for 7 turns
  9783 | D:10     | Killed Psyche
  9790 | D:10     | Found Dybboe's Antique Armour Shop.
  9925 | D:10     | Noticed Snorg
  9936 | D:10     | Killed Snorg
  9936 | D:10     | Reached skill level 13 in Long Blades
  9955 | D:10     | Noticed a hill giant
  9961 | D:10     | Killed a hill giant
  9977 | D:10     | Found a snail-covered altar of Cheibriados.
 10433 | D:11     | Reached ***** piety under Okawaru
 10452 | D:11     | Noticed Burgietje's ghost (journeyman MiFi)
 10805 | D:11     | Got a dazzling plate armour
 10938 | D:11     | Reached skill level 14 in Long Blades
 10991 | D:10     | Identified the +8 plate armour of the Wumpus {rPois Dex+4 SInv} (You found it on level 11 of the Dungeon)
 11047 | D:11     | Noticed Vex's ghost (journeyman TrMo)
 11143 | D:11     | Killed Vex's ghost
 11143 | D:11     | Gained mutation: You are mostly covered in iridescent scales (AC +6). [demonic ancestry]
 11143 | D:11     | Reached XP level 12. HP: 71/91 MP: 13/13
 11448 | D:11     | Killed Burgietje's ghost
 11752 | D:11     | Found a staircase to the Lair.
 11843 | D:11     | Received a gift from Okawaru
 12156 | D:12     | Noticed Azrael
 12289 | D:12     | Killed Azrael
 12292 | D:12     | Noticed a six-headed hydra
 12301 | D:12     | Killed a three-headed hydra
 12650 | D:12     | Reached ****** piety under Okawaru
 12922 | D:12     | Found a staircase to the Orcish Mines.
 13102 | D:12     | Received a gift from Okawaru
 13587 | D:13     | Noticed a centaur warrior
 13594 | D:13     | Killed a centaur warrior
 13594 | D:13     | Reached XP level 13. HP: 98/98 MP: 14/14
 13728 | D:13     | Reached skill level 5 in Shields
 14782 | D:14     | Received a gift from Okawaru
 15091 | D:14     | Got a smoking ring mail
 15106 | D:13     | Identified the cursed +0 ring mail "Unihos" {rElec rF+ Str+2} (You found it on level 14 of the Dungeon)
 15231 | D:14     | Found a gate to the Vaults.
 15945 | Lair:1   | Entered Level 1 of the Lair of Beasts
 16449 | Lair:1   | Reached skill level 5 in Invocations
 16554 | Lair:1   | Gained mutation: You are completely covered in iridescent scales (AC +8). [demonic ancestry]
 16554 | Lair:1   | Reached XP level 14. HP: 105/105 MP: 17/17
 16836 | Lair:2   | Noticed mrAntonBest's ghost (novice DsGl)
 16859 | Lair:2   | Killed mrAntonBest's ghost
 16909 | Lair:2   | Received a gift from Okawaru
 16980 | Lair:2   | Found a dark tunnel.
 16991 | Volcano  | Entered a volcano
 17640 | Lair:2   | Noticed Urug
 17653 | Lair:2   | Killed Urug
 17871 | Lair:3   | Found a staircase to the Shoals.
 18038 | Lair:3   | Reached skill level 15 in Armour
 18201 | Lair:3   | Found a hole to the Spider Nest.
 19378 | Lair:5   | Found a frozen archway.
 19434 | IceCv    | Entered an ice cave
 19434 | IceCv    | Noticed P0WERM0DE's ghost (journeyman DsCK)
 19452 | IceCv    | Killed P0WERM0DE's ghost
 19452 | IceCv    | Received a gift from Okawaru
 19452 | IceCv    | Reached skill level 10 in Fighting
 19480 | IceCv    | Got a pair of transparent gloves {god gift}
 19491 | IceCv    | Identified the +0 pair of gloves of Huut {Regen+ rCorr Dex+3 Slay+6} (Okawaru gifted it to you in an ice cave)
 20987 | Lair:7   | Noticed Kirke
 21008 | Lair:7   | Killed Kirke
 21089 | Lair:7   | Noticed Rupert
 21113 | Lair:7   | Killed Rupert
 21113 | Lair:7   | Received a gift from Okawaru
 21113 | Lair:7   | Reached skill level 16 in Armour
 21113 | Lair:7   | Reached XP level 15. HP: 113/115 MP: 18/18
 21116 | Lair:7   | Got an ichor-stained long sword {god gift}
 21120 | Lair:7   | Identified the +7 long sword of Reinforcement {flame, -Tele rC++ MR+ Str+4} (Okawaru gifted it to you on level 7 of the Lair of Beasts)
 21739 | Lair:8   | Entered Level 8 of the Lair of Beasts
 22172 | Lair:8   | Found a staircase to the Slime Pits.
 22516 | Lair:8   | Received a gift from Okawaru
 22839 | Orc:1    | Entered Level 1 of the Orcish Mines
 23167 | Orc:1    | Noticed Harold
 23216 | Orc:1    | Killed Harold
 23582 | Orc:2    | Noticed Erolcha
 23591 | Orc:2    | Killed Erolcha
 23778 | Orc:1    | Found a shimmering altar of Xom.
 24025 | Orc:2    | Found a roughly hewn altar of Beogh.
 24806 | Orc:4    | Entered Level 4 of the Orcish Mines
 24841 | Orc:4    | Noticed Donald
 24864 | Orc:4    | Killed Donald
 25009 | Orc:4    | Noticed Sonja
 25019 | Orc:4    | Killed Sonja
 25049 | Orc:4    | Found Bofoter's Food Emporium.
 25260 | Orc:4    | Found a staircase to the Elven Halls.
 25389 | Orc:4    | Reached skill level 17 in Armour
 25429 | Orc:4    | Received a gift from Okawaru
 25463 | Orc:4    | Found Siutaw's Book Boutique.
 25463 | Orc:4    | Found Coimets's Armour Emporium.
 25616 | Orc:4    | Found a roughly hewn altar of Beogh.
 25635 | Orc:4    | Found Esirapu's Food Emporium.
 25664 | Orc:4    | Found Entes's Antique Armour Boutique.
 25696 | Orc:4    | Bought a bloodstained gold dragon armour for 2550 gold pieces
 25723 | Orc:4    | Identified the cursed +1 gold dragon armour of the Vestibule of Hell {rElec rPois rF+ rC+ Str-4 Int+4} (You bought it in a shop on level 4 of the Orcish Mines)
 25755 | Orc:4    | Noticed Saint Roka
 25972 | Orc:3    | Killed Saint Roka
 26424 | D:15     | Entered Level 15 of the Dungeon
 26469 | D:15     | Gained mutation: You are robust (+10% HP). [demonic ancestry]
 26469 | D:15     | Reached XP level 16. HP: 114/139 MP: 19/19
 26682 | D:14     | Noticed a fire giant
 26765 | D:14     | Killed a fire giant
 26910 | D:15     | Reached skill level 18 in Armour
 27014 | D:15     | Found a staircase to the Depths.
 27508 | Spider:1 | Entered Level 1 of the Spider Nest
 27514 | Spider:1 | Reached XP level 17. HP: 146/146 MP: 20/20
 27713 | Spider:1 | Noticed Nikola
 27728 | Spider:1 | Killed Nikola
 27728 | Spider:1 | Reached skill level 10 in Shields
 27927 | Spider:1 | Received a gift from Okawaru
 28417 | Spider:2 | You fall through a shaft!
 29585 | Spider:4 | Entered Level 4 of the Spider Nest
 29604 | Spider:4 | Received a gift from Okawaru
 30341 | Spider:4 | Received a gift from Okawaru
 30429 | Spider:4 | Reached XP level 18. HP: 154/154 MP: 13/21
 30596 | Spider:4 | Got a gossamer rune of Zot
 30802 | Shoals:1 | Entered Level 1 of the Shoals
 31441 | Shoals:2 | Reached skill level 15 in Shields
 31628 | Shoals:4 | Entered Level 4 of the Shoals
 31634 | Shoals:4 | Noticed Aizul
 31661 | Shoals:4 | Cast into the Abyss (merfolk javelineer)
 31815 | Abyss:1  | Received a gift from Okawaru
 31952 | Abyss:1  | Paralysed by you for 6 turns
 31953 | Abyss:1  | Noticed a bone dragon
 31975 | Abyss:1  | Killed a bone dragon
 32095 | Abyss:1  | Reached skill level 19 in Armour
 32145 | Abyss:1  | Paralysed by accursed screaming for 1 turns
 32154 | Abyss:1  | Paralysed by accursed screaming for 1 turns
 32655 | Abyss:1  | Gained mutation: A meltable icy envelope protects you from harm (AC +10). [demonic ancestry]
 32655 | Abyss:1  | Reached XP level 19. HP: 115/160 MP: 13/22
 32815 | Abyss:1  | Paralysed by accursed screaming for 1 turns
 32890 | Abyss:1  | Reached skill level 20 in Armour
 32987 | Abyss:1  | Paralysed by you for 3 turns
 33047 | Abyss:1  | Paralysed by you for 6 turns
 33054 | Abyss:1  | Received a gift from Okawaru
 33233 | Abyss:1  | Noticed a bone dragon
 33247 | Abyss:1  | Killed a bone dragon
 33436 | Abyss:1  | Found a corrupted altar of Lugonu.
 33520 | Abyss:1  | Upgraded the game from 0.17-a0-2211-gbb7320e to 0.17-a0-2217-ga280b8d
 33595 | Abyss:1  | Reached skill level 15 in Long Blades
 33771 | Shoals:4 | Escaped the Abyss
 33789 | Shoals:4 | Killed Aizul
 33863 | Shoals:4 | Received a gift from Okawaru
 33884 | Shoals:4 | Got a brightly glowing ivory ring
 33887 | Shoals:4 | Identified the ring "Gunuf" {Wiz *Drain rC+ Int+2} (You found it on level 4 of the Shoals)
 34461 | Shoals:4 | Got a barnacled rune of Zot
 34834 | Vaults:1 | Entered Level 1 of the Vaults
 35003 | Vaults:1 | Identified a scroll of acquirement
 35004 | Vaults:1 | Got a smoking cloak
 35015 | Vaults:1 | Identified the +0 cloak of Xanout {MR+ Slay+3} (You acquired it on level 1 of the Vaults)
 35130 | Vaults:1 | Gained mutation: You are very robust (+20% HP). [demonic ancestry]
 35130 | Vaults:1 | Reached XP level 20. HP: 160/183 MP: 14/23
 35511 | Vaults:1 | Received a gift from Okawaru
 36143 | Vaults:2 | Found Ibrohyab's Magic Scroll Emporium.
 36161 | Vaults:2 | Bought a scroll of vulnerability for 97 gold pieces
 36161 | Vaults:2 | Bought a scroll of identify for 26 gold pieces
 36161 | Vaults:2 | Bought a scroll of identify for 26 gold pieces
 36161 | Vaults:2 | Bought a scroll of blinking for 97 gold pieces
 36161 | Vaults:2 | Bought a scroll of enchant armour for 97 gold pieces
 36161 | Vaults:2 | Bought a scroll of teleportation for 39 gold pieces
 36161 | Vaults:2 | Bought a scroll of teleportation for 39 gold pieces
 36161 | Vaults:2 | Bought a scroll of enchant weapon for 97 gold pieces
 36161 | Vaults:2 | Bought a scroll of identify for 26 gold pieces
 36339 | Vaults:2 | Reached skill level 21 in Armour
 36372 | Vaults:1 | Received a gift from Okawaru
 37004 | Vaults:2 | Found a staircase to the Crypt.
 37245 | Vaults:2 | Received a gift from Okawaru
 38154 | Vaults:3 | Reached skill level 15 in Fighting
 38238 | Vaults:3 | Reached XP level 21. HP: 194/201 MP: 14/24
 38715 | Vaults:3 | Found Zaloitih's Book Shoppe.
 38825 | Vaults:3 | Received a gift from Okawaru
 39443 | Vaults:4 | Reached skill level 10 in Invocations
 39940 | Vaults:4 | Reached skill level 1 in Dodging
 40310 | Depths:1 | Entered Level 1 of the Depths
 40322 | Depths:1 | Found Qistrop Romea's Pet Rocks.
 40371 | Depths:1 | Received a gift from Okawaru
 40430 | Depths:1 | Found a gateway to Hell.
 40619 | Depths:1 | Reached skill level 5 in Dodging
 41060 | Depths:1 | Received a gift from Okawaru
 41160 | Depths:1 | Found a gateway to a ziggurat.
 41326 | Depths:2 | Reached XP level 22. HP: 213/213 MP: 31/31
 41447 | Depths:2 | Noticed Jorgrun
 41459 | Depths:2 | Killed Jorgrun
 41779 | Depths:2 | Received a gift from Okawaru
 41787 | Depths:2 | Found a one-way gate leading to the halls of Pandemonium.
 42098 | Depths:2 | Found Kydwyora's Assorted Antiques.
 42110 | Depths:2 | Bought a potion of curing for 123 gold pieces
 42110 | Depths:2 | Bought a scroll of blinking for 307 gold pieces
 42378 | Depths:2 | Noticed a juggernaut
 42397 | Depths:2 | Killed a juggernaut
 42436 | Depths:2 | Reached skill level 22 in Armour
 43348 | Depths:3 | Received a gift from Okawaru
 43367 | Depths:3 | Reached skill level 10 in Dodging
 43632 | Depths:3 | Got a bound ivory ring
 43636 | Depths:3 | Identified the ring of Intercession {+Inv Int+3} (You found it on level 3 of the Depths)
 43889 | Depths:3 | Gained mutation: A demonic guardian rushes to your aid. [demonic ancestry]
 43889 | Depths:3 | Reached XP level 23. HP: 215/220 MP: 32/32
 44491 | Depths:4 | Found a one-way gate to the infinite horrors of the Abyss.
 44701 | Depths:4 | Noticed the Enchantress
 44706 | Depths:4 | Received a gift from Okawaru
 44732 | Depths:4 | Killed the Enchantress
 44734 | Depths:4 | Got a faerie dragon armour
 44746 | Depths:4 | Got a smoking buckler {god gift}
 44799 | Depths:4 | Identified the +0 buckler of the Griffon {MR+} (Okawaru gifted it to you on level 4 of the Depths)
 44822 | Depths:4 | Identified the +0 faerie dragon armour {Dex+4} (You took it off the Enchantress on level 4 of the Depths)
 45233 | Depths:4 | Found a bloodstained altar of Trog.
 45762 | Depths:5 | Entered Level 5 of the Depths
 45837 | Depths:5 | Noticed Jory
 45852 | Depths:5 | Killed Jory
 46429 | Depths:5 | Received a gift from Okawaru
 46435 | Depths:5 | Got a crystal double sword {god gift}
 46453 | Depths:5 | Identified the +5 double sword "Kurruny" {freeze, rElec Stlth+} (Okawaru gifted it to you on level 5 of the Depths)
 46788 | Depths:5 | Found a gate to the Realm of Zot.
 47132 | Vaults:1 | Gained mutation: A powerful demonic guardian rushes to your aid. [demonic ancestry]
 47132 | Vaults:1 | Reached XP level 24. HP: 243/243 MP: 32/32
 47276 | Vaults:3 | Bought a manual of Armour for 2318 gold pieces
 47596 | Elf:1    | Entered Level 1 of the Elven Halls
 47610 | Elf:1    | Received a gift from Okawaru
 48614 | Elf:2    | Found a runed gate.
 48614 | Elf:2    | Found a runed gate.
 48627 | Elf:2    | Found a runed gate.
 49173 | Elf:3    | Entered Level 3 of the Elven Halls
 49640 | Elf:3    | Received a gift from Okawaru
 49885 | Elf:3    | Got a crystal double sword {freeze}
 49907 | Elf:3    | Identified the +3 double sword of Starshine {freeze, rPois Str+4 Int-5} (You took it off a deep elf high priest on level 3 of the Elven Halls)
 49926 | Elf:3    | Cast into the Abyss (a deep elf demonologist)
 50336 | Abyss:1  | Found a corrupted altar of Lugonu.
 50729 | Abyss:1  | Found a corrupted altar of Lugonu.
 51309 | Abyss:1  | Paralysed by accursed screaming for 1 turns
 51738 | Abyss:1  | Gained mutation: You occasionally shout uncontrollably at your foes. [a cacodemon]
 51993 | Abyss:1  | Reached skill level 23 in Fighting
 51993 | Abyss:1  | Gained mutation: You are extremely robust (+30% HP). [demonic ancestry]
 51993 | Abyss:1  | Reached XP level 25. HP: 245/287 MP: 23/32
 52177 | Abyss:1  | Found a viscous altar of Jiyva.
 52208 | Abyss:1  | Received a gift from Okawaru
 52211 | Abyss:1  | Got a distressingly furry shield {god gift}
 52643 | Abyss:1  | Gained mutation: You are clumsy. (Dex -2) [a neqoxec]
 53086 | Elf:3    | Escaped the Abyss
 53091 | Elf:3    | Reached skill level 24 in Fighting
 53153 | Elf:3    | Got a slimy steel ring
 53198 | Elf:3    | Identified the +5 shield of Hatoxarch {Dex+4} (Okawaru gifted it to you on level 1 of the Abyss)
 53219 | Elf:3    | Identified the ring "Matz" {+Inv rPois MR- Dex+6 Stlth+} (You took it off a deep elf annihilator on level 3 of the Elven Halls)
 53775 | Vaults:5 | Entered Level 5 of the Vaults
 53875 | Vaults:4 | Received a gift from Okawaru
 54028 | Vaults:5 | Noticed Frederick
 54042 | Vaults:5 | Reached skill level 25 in Fighting
 54059 | Vaults:5 | HP: 1/295 [titan (15)]
 54274 | Vaults:5 | Got a scintillating iron ring
 54336 | Vaults:5 | Got a vibrating tin ring
 54429 | Vaults:5 | Received a gift from Okawaru
 54478 | Vaults:5 | Noticed Sojobo
 54486 | Vaults:5 | Killed Sojobo
 54486 | Vaults:5 | Reached XP level 26. HP: 306/308 MP: 31/32
 54607 | Vaults:5 | Reached skill level 26 in Fighting
 54628 | Vaults:5 | Found Detax's Armour Emporium.
 54657 | Vaults:5 | Identified the ring "Hoycipal" {rN+ MR- MP+9 Str+2 Dex+6} (You took it off a vault warden on level 5 of the Vaults)
 54658 | Vaults:5 | Identified the ring of the Morning {Fire -Tele rElec Dex+5 SInv} (You took it off a deep elf high priest on level 5 of the Vaults)
 54874 | Vaults:5 | Killed Frederick
 54995 | Vaults:5 | Got a silver rune of Zot
 55316 | Vaults:5 | Got a scorched cloak
 55328 | Vaults:5 | Identified the +2 cloak of the Hot Ocelot {+Fly rC+ Str+2} (You acquired it on level 5 of the Vaults)
 55520 | Crypt:1  | Entered Level 1 of the Crypt
 55687 | Crypt:1  | Received a gift from Okawaru
 55773 | Crypt:1  | Found a magical portal.
 55799 | WizLab   | Entered The Hall of Nepok the Hellbinder
 56215 | WizLab   | Found a burning altar of Makhleb.
 57473 | Crypt:3  | Entered Level 3 of the Crypt
 57857 | Crypt:3  | Got a warped tin ring
 57864 | Crypt:3  | Identified the ring "Taybbu" {+/*Tele rF+} (You found it on level 3 of the Crypt)
 58079 | Crypt:3  | Noticed Boris
 58089 | Crypt:3  | Killed Boris
 58548 | Crypt:3  | Paralysed by a sphinx for 4 turns
 58717 | Crypt:3  | Found a staircase to the Tomb.
 58879 | Crypt:3  | Found an ancient bone altar of Kikubaaqudgha.
 58893 | Crypt:3  | Noticed an ancient lich
 58908 | Crypt:3  | Killed an ancient lich
 58952 | Crypt:3  | Noticed an ancient lich
 58968 | Crypt:3  | Killed an ancient lich
 58968 | Crypt:3  | Reached XP level 27. HP: 198/317 MP: 23/32
 58995 | Crypt:3  | Got a vibrating ivory amulet
 59000 | Crypt:3  | Identified the amulet "Mywnes" {Gourm rElec rF+ rN+ Str+2} (You took it off a vampire knight on level 3 of the Crypt)
 59678 | Zot:1    | Entered Level 1 of the Realm of Zot
 60372 | Zot:1    | Received a gift from Okawaru
 61956 | Zot:3    | Received a gift from Okawaru
 61956 | Zot:3    | Reached skill level 15 in Dodging
 62041 | Zot:3    | Noticed Tiamat
 62089 | Zot:3    | Killed Tiamat
 62464 | Zot:3    | Received a gift from Okawaru
 63157 | Zot:4    | Noticed an orb of fire
 63174 | Zot:4    | Killed an orb of fire
 63628 | Zot:5    | Entered Level 5 of the Realm of Zot
 64158 | Zot:5    | Noticed an ancient lich
 64169 | Zot:5    | Noticed an ancient lich
 64169 | Zot:5    | Killed an ancient lich
 64189 | Zot:5    | Killed an ancient lich
 64189 | Zot:5    | Received a gift from Okawaru
 64222 | Zot:5    | Noticed an ancient lich
 64229 | Zot:5    | Killed an ancient lich
 64308 | Zot:5    | Received a gift from Okawaru
 64341 | Zot:5    | Noticed an orb of fire
 64350 | Zot:5    | Killed an orb of fire
 64357 | Zot:5    | Noticed an ancient lich
 64359 | Zot:5    | Noticed an ancient lich
 64364 | Zot:5    | Killed an ancient lich
 64379 | Zot:5    | Cast into the Abyss (an ancient lich)
 65434 | Abyss:1  | Received a gift from Okawaru
 65722 | Zot:5    | Escaped the Abyss
 65730 | Zot:5    | Killed an ancient lich
 65777 | Zot:5    | Noticed an orb of fire
 65802 | Zot:5    | Killed an orb of fire
 65816 | Zot:5    | Noticed an orb of fire
 65831 | Zot:5    | Killed an orb of fire
 65864 | Zot:5    | Noticed an orb of fire
 65864 | Zot:5    | Noticed an ancient lich
 65876 | Zot:5    | Killed an ancient lich
 65885 | Zot:5    | Killed an orb of fire
 66000 | Zot:5    | Noticed an ancient lich
 66012 | Zot:5    | Killed an ancient lich
 66223 | Zot:5    | Received a gift from Okawaru
 66444 | Zot:5    | Noticed an ancient lich
 66452 | Zot:5    | Killed an ancient lich
 66697 | Hell     | Entered the Vestibule of Hell
 66697 | Hell     | Noticed Geryon
 66835 | Hell     | Killed Geryon
 66883 | Hell     | Found a gateway to the decaying netherworld of Tartarus.
 67072 | Hell     | Found a gateway to the ashen valley of Gehenna.
 67088 | Hell     | Noticed Murray
 67115 | Hell     | Killed Murray
 67173 | Hell     | Found a gateway to the Iron City of Dis.
 67239 | Hell     | Found a gateway to the freezing wastes of Cocytus.
 67427 | Depths:5 | Lost mutation: You are clumsy. (Dex -2) [potion of cure mutation]
 67427 | Depths:5 | Lost mutation: You occasionally shout uncontrollably at your foes. [potion of cure mutation]
 67429 | Pan      | Entered Pandemonium
 67530 | Pan      | Received a gift from Okawaru
 67681 | Pan      | Got a demonic rune of Zot
 67705 | Pan      | Noticed Fophanagoq the pandemonium lord
 67711 | Pan      | Cast into the Abyss (Fophanagoq)
 67727 | Pan      | Escaped the Abyss
 67738 | Pan      | Killed Fophanagoq the pandemonium lord
 67992 | Pan      | Found an exit through the horrors of the Abyss.
 68112 | Pan      | Got a bloodstained cloak
 68140 | Pan      | Identified the +0 cloak of Xeny {rCorr} (You found it in Pandemonium)
 68259 | Pan      | Noticed Gaopseoj the pandemonium lord
 68273 | Pan      | Killed Gaopseoj the pandemonium lord
 68576 | Pan      | Found an exit through the horrors of the Abyss.
 69401 | Pan      | Found a runed door.
 69705 | Pan      | Found an exit through the horrors of the Abyss.
 69888 | Pan      | Got a faintly humming shield
 69899 | Pan      | Identified the +0 shield of Tartarus {*Confuse rC+ MP+9} (You acquired it in Pandemonium)
 70125 | Pan      | Found an exit through the horrors of the Abyss.
 70153 | Pan      | Received a gift from Okawaru
 70304 | Pan      | Noticed Mennas
 70313 | Pan      | Killed Mennas
 70493 | Pan      | Found a runed door.
 71023 | Pan      | Noticed Ror Zom the pandemonium lord
 71030 | Pan      | Killed Ror Zom the pandemonium lord
 71510 | Pan      | Gained mutation: You can spit weak poison. [a neqoxec]
 71569 | Pan      | Found an exit through the horrors of the Abyss.
 71586 | Pan      | Received a gift from Okawaru
 71594 | Pan      | Got a pair of distressingly furry gloves {god gift}
 71613 | Pan      | Identified the +0 pair of gloves "Meejito" {rF++ rC+++ Str-5} (Okawaru gifted it to you in Pandemonium)
 72006 | Pan      | Entered the realm of Gloorx Vloq.
 72091 | Pan      | Found an exit through the horrors of the Abyss.
 72712 | Pan      | Noticed Gloorx Vloq
 72729 | Pan      | Killed Gloorx Vloq
 72732 | Pan      | HP: 22/471 [something (2)]
 72734 | Pan      | HP: 10/469 [poison (dark miasma)]
 72735 | Pan      | HP: 3/469 [poison (dark miasma)]
 72736 | Pan      | Succumbed to poison (dark miasma)

Vault maps used:
D:1:      scummos_arrival_forest
D:2:      fedhas_altar_4
D:4:      gammafunk_temple_overflow_wave, minmay_temple_entry_glass,
          uniq_duvessa, uniq_grinder
D:5:      nicolae_gozag_seed_capital, first_bread
D:6:      nicolae_overflow_hidden_temple, lemuel_crystal_altar, serial_shops,
          shop_fountains, kennysheep_cross_room, uniq_blork_the_orc, uniq_pikel,
          uniq_menkaure
D:8:      zin_academy, the_bakery
D:9:      nicolae_qazlal_eye_of_the_storm
D:10:     serial_shops, shop, shop, kennysheep_mini, shop_fountains,
          serial_co_window_serial, co_window_paths_a, co_window_paths_b,
          co_window_paths_b, co_window_paths_a, co_window_paths_a,
          co_window_2corner, co_window_unsneaky_path_c,
          co_window_unsneaky_path_d, david_defended_altar_elf, uniq_psyche,
          uniq_snorg, uniq_joseph
D:11:     minmay_lair_entry_grove
D:12:     lemuel_ice_statue, orc_0_dummy, roderic_filled_cross,
          minmay_brain_eaters, uniq_azrael
D:14:     kennysheep_funnel, david_vaults_2, kennysheep_nondescript
D:15:     grunt_enter_depths_hoard, serial_park_gazebo,
          fake_guardian_serpent_vault
Temple:   triangle_lava_temple_11
Lair:1:   lemuel_fruit_tree
Lair:2:   enter_volcano_1, uniq_urug
Lair:3:   elwin_shoals_entry_stream, spider_nest_entry_rubble, minivault_25
Lair:4:   infiniplex_staircase_pool
Lair:5:   portal_ice_cave_entry_ice_beasts
Lair:6:   st_stairs_8
Lair:7:   zaba_anthole, minivault_19, uniq_rupert, uniq_kirke
Lair:8:   hangedman_lair_in_review, wormcave, minmay_slime_entry_oklob_open
Shoals:1: uniq_roxanne
Shoals:3: nicolae_shoals_cliffside_cave, hangedman_shoal_volcano
Shoals:4: shoals_end_grunt_ice, shoal_ilsuiw, uniq_aizul, uniq_louise
Spider:1: cheibrodos_spider_creepycove, uniq_nikola
Spider:3: nicolae_spider_circle_web, nicolae_looking_at_the_future
Spider:4: grunt_spider_rune_circles
Orc:1:    basic_altar, uniq_harold
Orc:2:    basic_altar, roderic_batcave, uniq_erolcha
Orc:3:    nicolae_orc_pool_cavern, nicolae_orc_bridge_out
Orc:4:    st_orc_town, serial_shops, shop, uniq_donald, uniq_sonja,
          uniq_saint_roka
Elf:1:    elf_arrival_002
Elf:3:    minmay_elf_hall_quartered_circle
Vaults:1: vaults_room_stairs_pillars, ontoclasm_vaults_idyll,
          nicolae_vaults_ring_of_whatevers, v_rooms_1,
          hangedman_vaults_restitches, nicolae_vaults_mini_display_case,
          nicolae_vaults_circle_grid_b, hangedman_vaults_river_flow,
          ontoclasm_vaults_decontamination, hangedman_vaults_stretched_pinwheel,
          nicolae_vaults_little_squares_2, vaults_room_hangedman_quadrants
Vaults:2: vaults_dpeg_cross, hangedman_vaults_hat, v_misc_2, v_misc_24,
          hangedman_vaults_restitches, minmay_crypt_entry_simple_box,
          st_diamondy, nicolae_vaults_little_squares_2, vaults_room_door_ring,
          vaults_mumra_hex, serial_shops,
          nicolae_shop_competitors_out_of_business
Vaults:3: vaults_room_fours, hangedman_vaults_locks, vaults_mumra_lcd,
          vaults_mumra_minichess, v_misc_22, vaults_room_grunt_arrival_ludios,
          ontoclasm_vaults_shuriken, v_alt_pattern_2, special_room_vaults,
          ontoclasm_vaults_twist, vaults_dpeg_encased_lava,
          nicolae_vaults_little_squares_4, serial_shops,
          nicolae_shop_temple_entry_statues_fountains
Vaults:4: nicolae_vaults_diagonal_hallway_8, v_misc_18,
          nicolae_vaults_little_squares_5, vaults_room_door_hall,
          hangedman_vaults_hard_town_square, vaults_room_ringed_pool,
          vaults_dpeg_ring, v_misc_27
Vaults:5: serial_shops, uniq_sojobo, uniq_frederick
Crypt:1:  mu_enter_wizlab_4, grunt_ministairs_4, roderic_lattice_octagonal_star
Crypt:3:  quadcrypt_mu, uniq_boris
Depths:1: enter_ziggurat_d, hell_entry, hex_intersection, guppyfry_shop_earth,
          grunt_megastairs_4, serial_bayou_shore_a, kennysheep_random_hallway
Depths:2: evilmike_marble_ring, minmay_tree_intersection, serial_shops,
          nicolae_shop_waterfront, grunt_pan_entry_spiral,
          grunt_hell_entry_dis_mu, infiniplex_staircase_diamond, uniq_jorgrun
Depths:3: kennysheep_large_spiral, rand_demon_pan_entry_7, hell_entry,
          hangedman_decor_push, st_stairs_10, infiniplex_staircase_trident
Depths:4: spriggan_forest, abyss_entry, hell_entry
Depths:5: evilmike_zot_entry_gauntlet, hell_entry, grunt_pan_entry_sceptre,
          uniq_jory
Zot:3:    uniq_tiamat
Abyss:1:  minivault_11, minivault_24
Pan:      grunt_pan_pentagram, evilmike_mini_pan_other_thingy, rand_demon_9,
          rand_demon_9, uniq_mennas_pan, nicolae_pan_lom_lobonic_2,
          grunt_pan_spiral, gloorx_vloq_st
IceCv:    ice_cave_statue_garden_01
Volcano:  volcano_pools
WizLab:   wizlab_demon

Action                   |  1- 3 |  4- 6 |  7- 9 | 10-12 | 13-15 | 16-18 | 19-21 | 22-24 | 25-27 || total
-------------------------+-------+-------+-------+-------+-------+-------+-------+-------+-------++-------
Melee: Long sword        |   146 |   194 |   326 |   824 |       |       |       |       |       ||  1490
       Scimitar          |       |       |       |   159 |       |       |       |       |       ||   159
       Demon blade       |       |       |       |    31 |  1961 |  1223 |   140 |       |       ||  3355
       Double sword      |       |       |       |       |       |       |  1790 |  1963 |  3904 ||  7657
Throw: Tomahawk          |       |     3 |       |       |       |       |       |       |       ||     3
Invok: Heroism           |       |       |       |    10 |     8 |     6 |     5 |     5 |    11 ||    45
       Finesse           |       |       |       |       |       |       |       |       |     1 ||     1
Evoke: Wand              |       |       |     1 |     2 |     2 |     3 |       |     2 |       ||    10
  Use: Scroll            |       |     7 |    19 |     5 |    10 |     1 |     7 |    17 |    29 ||    95
       Potion            |       |     2 |     2 |     2 |       |     3 |     1 |       |     7 ||    17
 Stab: Distracted        |       |       |       |     7 |    10 |     7 |    15 |     5 |    17 ||    61
       Invisible         |       |       |       |       |       |     3 |     6 |       |       ||     9
       Petrifying        |       |       |       |       |       |     1 |       |       |       ||     1
  Eat: Chunk             |     2 |     6 |     6 |     6 |    18 |     4 |     6 |    15 |     3 ||    66
       Fruit             |       |       |     3 |     5 |    18 |     5 |     4 |     4 |     6 ||    45
       Bread ration      |       |       |     1 |     3 |       |     1 |     1 |     2 |     8 ||    16
       Beef jerky        |       |       |     1 |     1 |     2 |     3 |     2 |     4 |     8 ||    21
       Pizza             |       |       |     1 |       |     1 |     1 |     2 |     1 |     1 ||     7
       Meat ration       |       |       |       |     2 |     1 |     2 |     3 |     1 |     8 ||    17
       Royal jelly       |       |       |       |       |     2 |       |       |       |     4 ||     6
